 Dungeon Sprint DCSS version 0.21-a0-215-g0631661 (webtiles) character file.

2969 potatolord6000 the Fighter (level 9, 0/132 HPs)
             Began as a Gnoll Abyssal Knight on Aug 22, 2017.
             Was the Champion of Lugonu.
             Slain by a crocodile (7 damage)
             ... in the Dungeon (Sprint IX: "|||||||||||||||||||||||||||||").
             The game lasted 00:06:19 (810 turns).

potatolord6000 the Fighter (Gnoll Abyssal Knight)    Turns: 810, Time: 00:06:20

Health: 0/132      AC: 19    Str:  7    XL:     9   Next: 82%
Magic:  17/18      EV:  5    Int:  7    God:    Lugonu [******]
Gold:   0          SH:  0    Dex:  7    Spells: 8/8 levels left

rFire    . . .     SeeInvis .   l - +8 demon blade "Bloodbane" {slice, *Rage +Rage Stlth-}
rCold    . . .     Gourm    .   (no shield)
rNeg     . . .     Faith    .   m - +4 chain mail
rPois    .         Spirit   .   (no helmet)
rElec    .         Reflect  .   a - +1 cloak
rCorr    .         Harm     .   (no gloves)
MR       .....     Rnd*Rage +   (no boots) Stlth ..........NoTele +
                                (no amulet)
HPRegen  0.32/turn              (no ring)
MPRegen  0.16/turn              (no ring)

@: berserking (expiring), lethally poisoned (0 -> -2), very quick
A: unchanging attributes, fangs 1, strong nose
a: Bend Space, Banish, Corrupt, Brand Weapon With Distortion, Renounce Religion,
Evoke Berserk Rage


You were in the Dungeon.
You worshipped Lugonu.
Lugonu was exalted by your worship.
You were not hungry.

You visited 1 branch

Inventory:

Hand Weapons
 l - the +8 demon blade "Bloodbane" (weapon) {slice, *Rage +Rage Stlth-}
   (You found it in the Dungeon)

   It inflicts extra damage upon your enemies.
   It lets you go berserk.
   It may make you go berserk in combat.
   It makes you less stealthy.
Armour
 a - a +1 cloak (worn)
 m - a +4 chain mail (worn)
Wands
 k - a wand of iceblast (7/15)
Scrolls
 h - 3 scrolls of remove curse
 i - 2 scrolls of blinking
 j - 2 scrolls of amnesia
 o - 4 scrolls of enchant weapon
 p - a scroll of fear
Potions
 b - a potion of resistance
 c - a potion of agility
 e - 8 potions of heal wounds
 f - 3 potions of curing
 g - 4 potions of magic
Comestibles
 d - a fruit


   Skills:
 + Level 14.4 Fighting
 + Level 12.7 Long Blades
   Level 6.7 Polearms
 + Level 14.0 Armour
 - Level 6.3 Dodging
 + Level 13.1 Invocations


You had 8 spell levels left.
You didn't know any spells.

Dungeon Overview and Level Annotations

Branches:
Dungeon (1/1)

Altars:
Cheibriados
Dithmenos
Elyvilon
Fedhas
Gozag
Hepliaklqana
Kikubaaqudgha
Makhleb
Nemelex Xobeh
Okawaru
Qazlal
Ru
Sif Muna
Trog
Uskayaw
Vehumet
Wu Jian
Xom
Yredelemnul
Zin
The Shining One
Beogh
Jiyva
Lugonu


Innate Abilities, Weirdness & Mutations

Your physical attributes are unchanging.
You have very sharp teeth.
Your uncanny sense of smell can sniff out nearby items.


Message History

Unknown command.
You are struck by the porcupine's spines.
* * * LOW HITPOINT WARNING * * *
Your chain mail prevents you from hitting the porcupine.
The porcupine is moderately wounded.
You feel sick.
A water moccasin comes into view.
Unknown command.
Unknown command.
The water moccasin hisses angrily.
You slash the porcupine!
You kill the porcupine!
Lugonu accepts your kill.
You slice the crocodile!!
The crocodile is almost dead.
Unknown command.
Your chain mail prevents you from hitting the crocodile.
The crocodile is almost dead.
The crocodile bites you!
You die...

∆∆∆∆∆∆∆∆∆ ∆∆∆∆∆∆∆∆∆∆∆∆∆
▓▓▓▓▓▓▓▓▓▓▓▓▓▓▓▓▓▓▓▓▓▓▓▓
..S.FFt@.....)(.....'...
▓▓▓▓▓▓▓▓▓▓▓▓▓▓▓▓▓▓▓▓▓▓▓▓▓▓▓▓▓▓▓▓▓
.................................
▓▓▓▓▓▓▓▓▓▓▓▓▓▓▓▓▓▓▓▓▓▓▓▓▓▓▓▓▓▓▓▓▓
____________________'...).†....()
▓▓▓▓▓▓▓▓▓▓▓▓▓▓▓▓▓▓▓▓▓▓▓▓▓▓▓▓▓▓▓▓▓


You could see 2 spiny frogs, a water moccasin and a crocodile.

Vanquished Creatures
  A hydra (D)
  An unseen horror (D)
  A black mamba (D)
  A komodo dragon (D)
  A troll (D)
  A yak (D)
  A wyvern (D)
  A hungry ghost (D)
  A porcupine (D)
  An ogre (D)
  A centaur (D)
  A big kobold (D)
  A bullfrog (D)
  A killer bee (D)
  A howler monkey (D)
  2 crimson imps (D)
  An adder zombie (D)
  A ball python (D)
  A giant cockroach (D)
  2 jackals (D)
  2 frilled lizards (D)
  A goblin (D)
  A kobold (D)
  A leopard gecko zombie (D)
27 creatures vanquished.

Notes
Turn   | Place    | Note
-------+----------+-------------------------------------------
     0 | D        | potatolord6000 the Gnoll Abyssal Knight began the quest for the Orb.
     0 | D        | Reached XP level 1. HP: 19/19 MP: 2/2
     8 | D        | Reached ** piety under Lugonu
   138 | D        | Noticed a centaur
   138 | D        | Noticed a crimson imp
   144 | D        | Reached *** piety under Lugonu
   154 | D        | Killed a crimson imp
   154 | D        | Reached skill level 5 in Fighting
   154 | D        | Reached skill level 5 in Polearms
   154 | D        | Reached XP level 2. HP: 26/28 MP: 4/4
   154 | D        | Reached XP level 3. HP: 31/34 MP: 5/5
   166 | D        | Killed a centaur
   166 | D        | Reached **** piety under Lugonu
   166 | D        | Reached XP level 4. HP: 37/43 MP: 6/6
   166 | D        | Reached XP level 5. HP: 42/48 MP: 7/7
   286 | D        | Found a roughly hewn altar of Beogh.
   286 | D        | Found a snail-covered altar of Cheibriados.
   286 | D        | Found a shadowy altar of Dithmenos.
   286 | D        | Found a white marble altar of Elyvilon.
   286 | D        | Found a blossoming altar of Fedhas.
   286 | D        | Found an opulent altar of Gozag.
   287 | D        | Found a hazy altar of Hepliaklqana.
   288 | D        | Found a viscous altar of Jiyva.
   289 | D        | Found an ancient bone altar of Kikubaaqudgha.
   290 | D        | Found a corrupted altar of Lugonu.
   291 | D        | Found a burning altar of Makhleb.
   292 | D        | Found a sparkling altar of Nemelex Xobeh.
   293 | D        | Found an iron altar of Okawaru.
   294 | D        | Found a stormy altar of Qazlal.
   295 | D        | Found a sacrificial altar of Ru.
   296 | D        | Found a deep blue altar of Sif Muna.
   297 | D        | Found a bloodstained altar of Trog.
   298 | D        | Found a hide-covered altar of Uskayaw.
   299 | D        | Found a radiant altar of Vehumet.
   300 | D        | Found an ornate altar of the Wu Jian Council.
   301 | D        | Found a shimmering altar of Xom.
   302 | D        | Found a basalt altar of Yredelemnul.
   303 | D        | Found a glowing silver altar of Zin.
   304 | D        | Found a glowing golden altar of the Shining One.
   313 | D        | Found the +8 demon blade "Bloodbane" {slice, *Rage +Rage Stlth-}
   347 | D        | Noticed a big kobold
   347 | D        | Noticed a wyvern
   361 | D        | Killed a wyvern
   361 | D        | Reached skill level 5 in Long Blades
   361 | D        | Reached skill level 5 in Invocations
   361 | D        | Reached XP level 6. HP: 30/57 MP: 7/10
   376 | D        | Reached ***** piety under Lugonu
   376 | D        | Reached skill level 10 in Fighting
   458 | D        | Noticed a yak
   458 | D        | Noticed a troll
   458 | D        | Noticed a hungry ghost
   463 | D        | Killed a hungry ghost
   463 | D        | Reached skill level 10 in Armour
   463 | D        | Reached XP level 7. HP: 67/67 MP: 11/13
   470 | D        | Killed an unseen horror
   470 | D        | Reached skill level 10 in Invocations
   470 | D        | Reached XP level 8. HP: 76/76 MP: 11/15
   473 | D        | Reached skill level 10 in Long Blades
   479 | D        | Killed a troll
   484 | D        | Killed a yak
   786 | D        | Noticed a komodo dragon
   786 | D        | Noticed a four-headed hydra
   786 | D        | Noticed a black mamba
   789 | D        | Killed a black mamba
   789 | D        | Reached XP level 9. HP: 85/85 MP: 17/17
   793 | D        | Noticed a spiny frog
   796 | D        | Noticed a spiny frog
   800 | D        | Killed a 14-headed hydra
   803 | D        | Killed a komodo dragon
   804 | D        | Reached ****** piety under Lugonu
   807 | D        | HP: 6/132 [poisoned by a black mamba]
   810 | D        | Slain by a crocodile

Vault maps used:
D:        linesprint

Skill      XL: |  1  2  3  4  5  6  7  8  9 |
---------------+----------------------------+-----
Polearms       | 5 6 |  6.7
Dodging        | 4 6 |  6.3
Invocations    | 3 5 8 10 11 13 | 13.1
Armour         | 4 6 8 10 11 12 14 | 14.0
Fighting       | 5 7 8 10 12 13 14 | 14.4
Long Blades    | 5 7 9 11 12 | 12.7

Action                   |  1- 3 |  4- 6 |  7- 9 || total
-------------------------+-------+-------+-------++-------
Melee: Spear             |    46 |       |       ||    46
       Bite              |     2 |       |     3 ||     5
       Demon blade       |       |    28 |    41 ||    69
 Abil: Evoke Berserk Rag |       |     1 |       ||     1
  Use: Potion            |     3 |     3 |       ||     6
       Scroll            |       |       |     4 ||     4
  Eat: Bread ration      |       |       |     1 ||     1
Armor: Leather armour    |     5 |       |       ||     5
       Chain mail        |       |    25 |    28 ||    53
Dodge: Dodged            |    23 |    11 |    15 ||    49
       Rpst.: Demon blade |       |     1 |     3 ||     4

Table legend:
 A = Spawn XP
 B = Non-spawn XP
 C = Spawn XP percentage of total XP
 D = Spawn monster count
 E = Non-spawn monster count
 F = Spawn count percentage of total count
 G = Total turns spent on level
                    A         B        C        D         E        F      G
               +---------+---------+-------+---------+---------+-------+---------
         Total |       0 |    4242 |   0.0 |       0 |      27 |   0.0 |   810
               +---------+---------+-------+---------+---------+-------+---------
             D |       0 |    4242 |   0.0 |       0 |      27 |   0.0 |   810
               +---------+---------+-------+---------+---------+-------+---------
